Map: Piattaforma kimerana

Players

TNT

  • Race: Zerg Zerg
  • Spawn Location: 6:00

johnyy

  • Race: Protoss Protoss
  • League: Platinum
  • Spawn Location: 6:00

Rigger

  • Race: Zerg Zerg
  • Spawn Location: 5:00

Thief

  • Race: Protoss Protoss
  • Spawn Location: 7:00

illusio - Winner!

  • Race: Terran Terran
  • League: Diamond
  • Spawn Location: 12:00

Jhyrachy - Winner!

  • Race: Zerg Zerg
  • League: Gold
  • Spawn Location: 11:00

LaWeedaLoca - Winner!

  • Race: Protoss Protoss
  • League: Master
  • Spawn Location: 12:00

MugeN - Winner!

  • Race: Terran Terran
  • League: Master
  • Spawn Location: 1:00

VOD

Have the link to the VOD?

Description

Time

  • Played on: April 24, 2016, 5:01 p.m.
  • Length: 15:57
Show
View Real Time Build Order
Export as new Build Order

TNT Zerg 

Build Orders: Hatch First 

Get SALT Encoding   

  12  0:01  Drone  
  13  0:07  Drone  
  14  0:16  Overlord  
  14  0:34  Drone  
  14  0:35  Drone x2  
  17  0:45  Drone  
  18  0:59  Hatchery, Drone  
  18  1:07  Drone  
  19  1:16  Spawning Pool  
  18  1:22  Drone  
  19  1:29  Drone  
  20  1:39  Drone  
  21  1:49  Overlord  
  21  2:01  Drone  
  22  2:11  Queen x2  
  22  2:12  Drone x2  
  28  2:24  Drone  
  28  2:27  Drone  
  30  2:32  Overlord  
  30  2:36  Overlord  
  30  2:45  Spine Crawler  
  30  2:47  Queen x2  
  30  2:48  Spine Crawler  
  32  2:53  Drone x2  
  32  2:58  Drone x2  
  36  3:08  Drone  
  36  3:09  Drone  
  38  3:21  Drone  
  38  3:22  Drone x6  
  45  3:32  Extractor  
  44  3:34  Extractor  
  44  3:38  Roach Warren, Evolution Chamber  
  44  3:40  Extractor, Evolution Chamber  
  44  3:41  Extractor  
  38  3:44  Drone  
  38  3:45  Drone x4  
  43  4:05  Drone x2  
  43  4:06  Drone x5  
  50  4:11  Lair  
  50  4:19  Drone  
  50  4:21  Overlord  
  50  4:23  Metabolic Boost  
  51  4:25  Overlord  
  51  4:43  Zerg Ground Armor Level 1  
  51  4:47  Zerg Missile Weapons Level 1  
  51  4:50  Drone  
  52  4:56  Overlord x2  
  52  5:01  Drone x3  
  52  5:04  Drone x3  
  58  5:18  Spore Crawler  
  58  5:20  Spine Crawler  
  56  5:26  Spore Crawler  
  56  5:27  Spine Crawler x2  
  56  5:28  Roach x2, Spine Crawler  
  54  5:29  Roach x4  
  64  5:36  Drone  
  64  5:37  Infestation Pit  
  64  5:38  Roach x3  
  64  5:40  Roach x3  
  76  5:44  Drone  
  77  5:56  Glial Reconstitution  
  77  5:59  Burrow  
  77  6:18  Hatchery  
  76  6:19  Roach x4  
  68  7:03  Roach  
  68  7:04  Roach x7  
  84  7:09  Hive, Zerg Missile Weapons Level 2, Zerg Ground Armor Level 2  
  84  7:15  Drone x2  
  84  7:17  Overlord x3  
  70  7:32  Spore Crawler, Drone  
  70  7:34  Spore Crawler, Drone  
  70  7:38  Drone  
  70  7:39  Spore Crawler  
  71  7:44  Drone x3  
  71  7:45  Queen  
  71  7:46  Spore Crawler  
  71  7:47  Spore Crawler  
  71  7:48  Drone x2  
  71  7:49  Drone x4  
  79  8:08  Spore Crawler  
  79  8:10  Spore Crawler  
  79  8:11  Spore Crawler  
  79  8:12  Spore Crawler, Drone x2  
  77  8:22  Spine Crawler  
  77  8:23  Spine Crawler  
  75  8:27  Spine Crawler  
  75  8:29  Drone x6, Spine Crawler  
  75  8:30  Drone x2  
  75  8:33  Extractor  
  80  8:34  Extractor  
  80  8:35  Drone x5  
  84  8:46  Queen  
  86  9:09  Hydralisk Den  
  51  9:38  Viper  
  51  9:39  Viper x4  
  51  9:45  Viper x2  
  66  9:46  Viper  
  77  9:57  Viper  
  71  10:43  Viper x2  
  77  11:23  Hatchery  
  77  11:24  Hatchery x2  
  74  11:26  Viper  
  74  11:27  Viper x2  
  83  11:47  Viper  
  86  11:55  Overseer  
  77  13:50  Viper x2  
  77  13:51  Viper  
  77  13:54  Viper x2  
Show
View Real Time Build Order
Export as new Build Order

johnyy Protoss 

Build Orders:  

Get SALT Encoding   

  12  0:01  Probe (Chrono Boost)  
  13  0:12  Probe (Chrono Boost)  
  14  0:20  Pylon  
  15  0:28  Probe (Chrono Boost)  
  15  0:39  Probe (Chrono Boost)  
  16  0:45  Gateway  
  17  0:50  Probe (Chrono Boost)  
  17  0:52  Assimilator  
  17  1:00  Probe (Chrono Boost)  
  18  1:17  Pylon  
  18  1:42  Probe (Chrono Boost)  
  19  1:49  Cybernetics Core  
  19  1:53  Gateway  
  19  1:55  Gateway  
  19  2:00  Pylon  
  19  2:03  Probe (Chrono Boost)  
  19  2:04  Assimilator  
  20  2:13  Probe (Chrono Boost)  
  21  2:24  Probe (Chrono Boost)  
  21  2:26  Warp Gate (Chrono Boost)  
  24  2:43  Mothership Core (Chrono Boost)  
  24  2:48  Adept  
  26  3:04  Probe  
  27  3:07  Pylon  
  27  3:11  Nexus  
  27  3:12  Pylon  
  27  3:16  Probe  
  27  3:19  Pylon  
  28  3:27  Adept  
  28  3:28  Probe  
  31  3:46  Probe  
  32  3:51  Adept x2  
  36  3:57  Adept  
  38  4:30  Pylon  
  38  4:33  Probe  
  38  4:38  Adept  
  41  4:39  Adept x2  
  41  4:43  Probe  
  46  4:54  Probe, Robotics Facility  
  47  5:05  Probe  
  48  5:10  Robotics Facility  
  48  5:15  Probe  
  48  5:21  Assimilator  
  49  5:25  Nexus  
  49  5:26  Probe  
  50  5:36  Probe  
  51  5:47  Probe  
  51  5:48  Immortal  
  56  5:54  Assimilator  
  56  5:55  Adept x2  
  60  5:57  Probe  
  60  6:03  Gateway  
  61  6:08  Probe  
  62  6:18  Probe  
  63  6:27  Robotics Bay  
  63  6:29  Probe  
  64  6:33  Gateway  
  64  6:35  Gateway  
  64  6:37  Gateway  
  64  6:38  Gateway  
  64  6:39  Probe  
  65  6:49  Probe  
  65  6:54  Stalker x2  
  48  7:02  Immortal  
  48  7:08  Immortal  
  56  7:09  Probe  
  56  7:14  Stalker  
  59  7:30  Adept  
  59  7:31  Adept  
  63  7:42  Extended Thermal Lance (Chrono Boost)  
  63  7:46  Colossus  
  63  7:48  Colossus  
  75  7:53  Probe  
  75  7:54  Pylon  
  76  8:04  Probe  
  77  8:06  Probe  
  77  8:07  Forge  
  78  8:14  Probe  
  78  8:15  Stalker  
  78  8:16  Probe  
  82  8:25  Probe, Adept  
  82  8:26  Adept x2  
  89  8:27  Probe  
  90  8:35  Probe  
  91  8:48  Colossus  
  91  8:54  Protoss Ground Armor Level 1  
  97  9:00  Pylon  
  97  9:01  Pylon  
  97  9:08  Stalker x2  
  101  9:17  Colossus  
  101  9:40  Stalker x4  
  101  9:41  Stalker x3  
  101  9:42  Stalker  
  117  10:02  Pylon  
  117  10:03  Pylon  
  117  10:06  Pylon  
  117  10:07  Pylon  
  117  10:09  Pylon  
  117  10:25  Stalker x5  
  117  10:26  Stalker x3  
  109  10:58  Colossus  
  115  11:13  Assimilator  
  115  11:15  Assimilator  
  115  11:17  Colossus  
  115  11:18  Pylon  
  103  11:20  Pylon  
  67  11:38  Stalker x4  
  67  11:39  Stalker x2  
  73  11:40  Zealot x2  
  73  11:45  Protoss Ground Weapons Level 1  
  77  11:52  Colossus  
  83  12:09  Assimilator  
  83  12:11  Observer  
  83  12:13  Assimilator  
  84  12:17  Pylon, Stalker x2  
  84  12:18  Stalker  
  89  12:32  Observer  
  90  12:39  Stalker x4  
  90  12:40  Stalker  
  100  12:45  Colossus  
  100  12:50  Stalker x3  
  112  13:03  Stalker x4  
  112  13:04  Stalker  
  122  13:09  Colossus  
  116  13:35  Stalker x4  
  116  13:36  Stalker  
  66  14:00  Stalker x3  
  66  14:01  Stalker x2  
  67  14:23  Stalker x3  
Show
View Real Time Build Order
Export as new Build Order

Rigger Zerg 

Build Orders: Pool First 

Get SALT Encoding   

  12  0:01  Drone  
  13  0:24  Spawning Pool  
  13  0:26  Drone  
  13  0:29  Drone  
  14  0:38  Extractor, Drone  
  15  0:43  Overlord  
  15  0:51  Extractor x2  
  15  0:52  Drone  
  16  1:10  Queen  
  18  1:11  Zergling x4  
  20  1:21  Zergling x2  
  21  1:34  Zergling x2  
  21  1:36  Hatchery  
  21  1:42  Zergling x2  
  22  1:54  Overlord  
  22  2:13  Drone  
  23  2:21  Drone  
  23  2:22  Drone x2  
  26  2:25  Drone  
  26  2:29  Drone  
  28  2:31  Queen  
  28  2:40  Drone  
  29  2:50  Overlord  
  29  2:52  Drone  
  29  2:53  Extractor  
  29  3:01  Drone  
  29  3:02  Drone x3  
  29  3:05  Extractor  
  32  3:06  Hatchery, Extractor  
  30  3:13  Drone x2  
  32  3:20  Drone  
  33  3:27  Extractor  
  33  3:29  Drone  
  33  3:31  Drone  
  35  3:35  Drone  
  33  3:50  Roach Warren  
  33  3:54  Overlord  
  33  3:55  Drone x2  
  33  3:56  Drone x3  
  37  4:02  Lair  
  37  4:05  Drone x2  
  37  4:07  Drone  
  40  4:10  Drone  
  41  4:20  Drone  
  41  4:21  Drone x4  
  46  4:25  Overlord  
  46  4:30  Queen  
  48  4:33  Roach  
  50  4:39  Roach x2  
  53  4:46  Roach x3  
  59  4:54  Roach x3  
  65  5:10  Overlord  
  63  5:23  Drone x2  
  63  5:24  Drone  
  66  5:34  Drone x5  
  66  5:35  Drone  
  72  5:40  Glial Reconstitution  
  72  5:44  Extractor, Evolution Chamber  
  72  5:45  Evolution Chamber  
  72  5:48  Ravager x5  
  74  5:50  Overlord  
  74  5:54  Overseer  
  74  6:02  Overlord  
  74  6:09  Overlord  
  74  6:12  Roach x4  
  74  6:17  Metabolic Boost  
  74  6:18  Zerg Missile Weapons Level 1  
  82  6:22  Evolution Chamber  
  82  6:23  Roach x4  
  86  6:48  Roach x3  
  86  6:49  Roach x3  
  94  7:03  Roach x5  
  94  7:04  Roach  
  90  7:08  Drone x3  
  90  7:09  Drone x5  
  90  7:13  Zerg Ground Armor Level 1  
  93  7:16  Zergling x2  
  93  7:17  Zergling x2  
  91  7:28  Roach  
  88  7:31  Overlord x2  
  88  7:32  Overlord  
  88  7:39  Extractor, Zergling x6  
  88  7:41  Extractor  
  89  7:46  Zergling x2  
  89  7:48  Overlord x3  
  90  8:02  Drone x8  
  90  8:03  Drone x2  
  100  8:11  Spore Crawler  
  99  8:14  Spore Crawler  
  99  8:15  Roach x3  
  99  8:19  Zerg Missile Weapons Level 2  
  104  8:20  Zerg Melee Weapons Level 1  
  104  8:22  Infestation Pit  
  104  8:27  Drone x3  
  106  8:36  Ravager x4  
  106  8:37  Roach x4  
  106  8:38  Roach  
  118  8:51  Roach x5  
  109  9:08  Hive  
  109  9:09  Zergling x8, Hydralisk Den  
  110  9:28  Overlord x4  
  110  9:29  Overlord x3  
  110  9:31  Overseer  
  110  9:41  Overlord  
  107  9:50  Hydralisk  
  107  9:51  Hydralisk x8  
  121  10:03  Overlord  
  119  10:10  Spore Crawler  
  119  10:13  Spore Crawler, Overlord  
  119  10:14  Spore Crawler, Overlord x3  
  106  10:32  Hydralisk x2  
  98  10:39  Hatchery, Hydralisk x2  
  89  10:50  Hydralisk x2  
  89  10:57  Adrenal Glands  
  89  10:59  Zerg Missile Weapons Level 3, Zerg Ground Armor Level 2  
  89  11:01  Viper x2  
  91  11:06  Hydralisk  
  91  11:07  Hydralisk  
  91  11:21  Viper  
  94  11:27  Evolution Chamber  
  94  11:28  Zergling x8  
  94  11:29  Zergling x2, Evolution Chamber  
  94  11:32  Evolution Chamber  
  78  11:46  Roach x3  
  68  11:55  Overseer x2  
  65  12:31  Hydralisk  
  65  12:32  Hydralisk x7  
  80  12:40  Hatchery  
  78  12:59  Zergling x10  
  78  13:00  Hatchery  
  49  13:49  Hydralisk  
  49  13:50  Hydralisk x2  
  49  13:54  Hydralisk  
  54  13:56  Queen  
  54  13:59  Lair  
  48  14:20  Hydralisk x5  
  58  14:34  Hydralisk x5  
  68  14:42  Drone  
  60  14:50  Hydralisk x2  
  60  14:51  Hydralisk  
  66  14:57  Hydralisk x3  
Show
View Real Time Build Order
Export as new Build Order

Thief Protoss 

Build Orders:  

Get SALT Encoding   

  12  0:05  Probe (Chrono Boost)  
  13  0:16  Probe (Chrono Boost)  
  14  0:22  Pylon  
  14  0:27  Probe (Chrono Boost)  
  15  0:36  Assimilator  
  15  0:49  Gateway  
  15  1:06  Probe (Chrono Boost)  
  16  1:16  Pylon  
  16  1:17  Probe (Chrono Boost)  
  17  1:27  Probe (Chrono Boost)  
  18  1:37  Gateway  
  18  1:38  Probe (Chrono Boost)  
  19  1:44  Cybernetics Core  
  19  1:48  Assimilator  
  19  1:49  Probe (Chrono Boost)  
  20  1:58  Zealot  
  20  2:00  Probe (Chrono Boost)  
  23  2:21  Mothership Core (Chrono Boost)  
  25  2:23  Warp Gate (Chrono Boost)  
  25  2:27  Stalker  
  27  2:41  Probe  
  28  2:50  Pylon  
  28  2:53  Probe, Stalker  
  31  3:06  Stargate  
  31  3:08  Probe  
  31  3:12  Stalker  
  34  3:21  Probe  
  35  3:30  Stalker  
  35  3:33  Probe  
  38  3:56  Pylon  
  38  4:12  Nexus  
  38  4:14  Void Ray (Chrono Boost)  
  42  4:28  Pylon  
  42  4:31  Probe  
  43  4:32  Forge  
  43  4:42  Stalker  
  43  4:44  Zealot  
  47  4:56  Phoenix (Chrono Boost)  
  49  5:00  Probe  
  50  5:12  Probe  
  51  5:17  Photon Cannon  
  51  5:24  Photon Cannon  
  51  5:50  Photon Cannon  
  51  6:08  Assimilator  
  51  6:12  Assimilator  
  51  6:16  Stargate  
  51  6:17  Probe  
  51  6:18  Stargate  
  51  6:22  Probe  
  51  6:23  Fleet Beacon  
  53  6:28  Probe  
  54  6:34  Probe  
  24  7:17  Void Ray (Chrono Boost)  
  36  7:22  Zealot  
  36  7:23  Void Ray x2 (Chrono Boost), Zealot  
  38  7:52  Pylon  
  38  8:04  Phoenix (Chrono Boost)  
  42  8:07  Phoenix (Chrono Boost)  
  42  8:10  Phoenix (Chrono Boost)  
  30  9:40  Tempest (Chrono Boost)  
  38  9:46  Tempest (Chrono Boost)  
  40  9:55  Nexus  
  40  9:56  Phoenix (Chrono Boost)  
  34  10:51  Phoenix (Chrono Boost)  
  34  10:55  Phoenix x2 (Chrono Boost)  
  28  11:16  Photon Cannon  
  28  11:17  Photon Cannon  
  28  11:18  Pylon  
  28  11:22  Pylon  
  34  11:29  Phoenix (Chrono Boost)  
  34  11:32  Phoenix x2 (Chrono Boost)  
  34  11:37  Photon Cannon  
  34  11:39  Photon Cannon  
  34  11:42  Photon Cannon  
  34  11:51  Photon Cannon  
  34  12:33  Phoenix (Chrono Boost)  
  34  12:36  Phoenix (Chrono Boost)  
  40  12:37  Phoenix (Chrono Boost)  
  40  12:53  Graviton Catapult (Chrono Boost)  
  40  13:41  Carrier (Chrono Boost)  
  19  14:17  Tempest (Chrono Boost)  
  19  14:23  Photon Cannon  
  19  14:26  Photon Cannon x2  
  19  14:28  Photon Cannon  
  19  14:29  Photon Cannon  
  19  14:30  Photon Cannon  
  19  14:34  Photon Cannon  
  19  14:35  Phoenix (Chrono Boost)  
Show
View Real Time Build Order
Export as new Build Order

illusio Terran - Winner!

Build Orders: Reaper Expand, MMM Bio 

Get SALT Encoding   

  12  0:01  SCV  
  13  0:13  SCV  
  14  0:18  Supply Depot  
  14  0:25  SCV  
  15  0:39  SCV  
  15  0:40  Barracks  
  16  0:44  Refinery  
  16  0:51  SCV  
  17  1:03  SCV  
  18  1:16  SCV  
  19  1:27  Reaper  
  20  1:35  Command Center  
  20  1:40  Orbital Command  
  20  1:59  Supply Depot  
  20  2:13  Barracks Reactor  
  18  2:23  SCV  
  20  2:44  SCV  
  20  2:52  Command Center  
  20  2:53  Marine x2  
  20  2:55  Factory  
  20  2:56  SCV  
  23  2:59  Refinery  
  23  3:08  SCV  
  23  3:11  Marine x2  
  26  3:20  SCV  
  27  3:29  Marine x2  
  27  3:32  SCV  
  27  3:33  Supply Depot  
  30  3:41  Factory Tech Lab  
  30  3:43  Starport  
  30  3:44  SCV  
  31  3:54  Marine x2  
  31  3:55  Supply Depot  
  33  3:56  SCV  
  33  3:58  Engineering Bay  
  33  4:00  Siege Tank  
  37  4:05  Orbital Command  
  37  4:09  SCV  
  38  4:27  Missile Turret  
  38  4:28  Bunker  
  38  4:30  Medivac  
  40  4:32  Orbital Command  
  40  4:44  Bunker  
  40  4:45  Marine x2  
  42  5:00  SCV x2  
  42  5:05  Starport Reactor  
  42  5:06  Widow Mine  
  44  5:09  Marine x2  
  44  5:12  SCV x2  
  50  5:14  Barracks  
  50  5:15  Terran Infantry Weapons Level 1  
  50  5:16  Barracks  
  50  5:24  Refinery  
  50  5:25  SCV  
  50  5:26  Refinery, SCV  
  52  5:33  Supply Depot  
  52  5:34  Marine  
  53  5:36  Marine  
  54  5:44  Missile Turret  
  54  5:55  Medivac x2  
  58  5:57  Engineering Bay  
  58  5:58  SCV x2  
  60  6:10  SCV x2  
  62  6:14  Barracks Tech Lab  
  62  6:16  Barracks Reactor  
  62  6:22  SCV x2  
  62  6:24  Siege Tank  
  67  6:28  Marine x2  
  69  6:34  SCV  
  69  6:35  Stimpack  
  66  6:54  Marine  
  66  6:55  Marine  
  66  7:02  Marauder  
  66  7:03  Marine x2  
  68  7:14  Marine x2  
  66  7:24  Marauder  
  66  7:35  Terran Infantry Armor Level 1  
  66  7:37  Medivac  
  66  7:38  Armory, Medivac  
  66  7:39  Command Center  
  66  7:42  Barracks  
  70  7:49  Supply Depot  
  70  7:51  Supply Depot  
  70  7:57  Supply Depot  
  70  8:08  Supply Depot  
  70  8:11  Siege Tank  
  73  8:17  Sensor Tower  
  73  8:24  Marine x2  
  77  8:27  Marauder  
  77  8:29  Marine x2  
  77  8:31  Barracks  
  77  8:33  Supply Depot  
  79  8:34  SCV x2  
  79  8:35  Combat Shields  
  79  8:38  Supply Depot  
  81  8:42  Marine x2  
  81  8:46  SCV x2  
  81  8:47  Marine x2, Terran Infantry Weapons Level 2  
  87  8:48  Marauder, Medivac x2  
  87  8:50  Siege Tank  
  87  8:52  Barracks Reactor  
  82  9:05  SCV  
  82  9:06  Marine x4  
  82  9:07  Liberator x2  
  82  9:09  Marine  
  86  9:18  SCV, Barracks  
  86  9:20  Barracks Reactor  
  86  9:24  Marine  
  88  9:31  Fusion Core  
  88  9:35  Orbital Command  
  88  9:50  Liberator x2  
  88  9:53  Siege Tank  
  88  9:59  Supply Depot  
  91  10:00  SCV x3  
  79  10:15  Marine x3  
  79  10:16  Marine x5  
  79  10:17  Marine x2  
  88  10:33  Marine  
  88  10:35  Marauder  
  91  10:38  Marine x5  
  91  10:39  Marine x3  
  83  10:55  Marine x2  
  83  10:56  Marine x2  
  83  10:57  Siege Tank  
  80  11:07  Marine x3  
  80  11:08  Marine x3  
  86  11:12  Marine  
  86  11:13  Marine x2  
  86  11:14  Marine  
  83  11:25  Marine x4  
  71  11:27  Marine x2  
  71  11:29  Siege Tank  
  71  11:30  Marine  
  80  11:36  SCV  
  80  11:37  SCV x2  
  83  11:43  Liberator  
  83  11:44  Terran Infantry Weapons Level 3  
  83  11:46  Marauder  
  85  11:48  SCV  
  85  11:49  Terran Infantry Armor Level 2  
  85  11:51  SCV  
  85  11:52  SCV  
  88  12:01  Siege Tank, SCV  
  95  12:07  Marauder  
  95  12:08  Starport, Supply Depot  
  97  12:13  Medivac  
  99  12:21  Refinery x2  
  99  12:27  Marine x2  
  99  12:28  Marauder  
  99  12:29  Barracks Tech Lab  
  103  12:31  Supply Depot  
  103  12:33  Siege Tank  
  103  12:35  Terran Ship Weapons Level 1  
  106  12:43  Medivac  
  108  12:54  Supply Depot  
  108  12:58  Marauder x2  
  112  12:59  Marine x6  
  112  13:00  Marine x2  
  120  13:06  Starport Tech Lab  
  120  13:07  Liberator  
  120  13:11  SCV x3  
  123  13:16  Marine  
  123  13:17  Marine x4  
  123  13:19  Marauder x2  
  132  13:23  SCV x2  
  132  13:24  SCV  
  138  13:35  SCV x2  
  138  13:41  Marauder x2  
  141  13:48  Marine x3  
  134  13:51  Marine x5  
  134  13:53  Siege Tank  
  142  13:56  Liberator  
  142  14:01  Marine  
  142  14:02  Marauder  
  141  14:20  Marauder  
  141  14:24  Marauder  
  143  14:25  Siege Tank  
  146  14:37  Marine x5  
  146  14:38  Marine x3  
  151  14:41  Marauder  
  151  14:45  Marauder  
  153  14:55  Marine x5  
  153  14:57  Siege Tank  
  155  15:03  Marauder  
  155  15:06  Marauder  
  158  15:07  Marine x2  
  158  15:08  Marine  
  158  15:10  Medivac x3  
  158  15:12  Marine  
  158  15:13  Marine x2  
  165  15:31  Marine x3  
Show
View Real Time Build Order
Export as new Build Order

Jhyrachy Zerg - Winner!

Build Orders: Pool First 

Get SALT Encoding   

  12  0:01  Drone  
  13  0:10  Drone  
  14  0:17  Extractor  
  14  0:19  Extractor, Drone  
  13  0:22  Drone  
  16  0:37  Overlord  
  16  0:49  Spawning Pool  
  15  1:02  Drone, Overlord  
  16  1:04  Extractor  
  16  1:06  Drone  
  16  1:23  Drone  
  17  1:33  Drone  
  17  1:36  Queen  
  17  1:38  Zergling x2  
  21  1:46  Drone  
  22  2:06  Spine Crawler  
  21  2:20  Drone, Overlord  
  23  2:25  Roach Warren  
  22  3:07  Roach x6  
  34  3:25  Lair  
  34  3:44  Hatchery  
  33  3:54  Drone  
  34  3:56  Drone  
  34  3:57  Drone x3  
  34  3:59  Overlord  
  38  4:22  Extractor  
  38  4:24  Drone x2  
  38  4:26  Drone  
  38  4:27  Drone  
  38  4:29  Drone  
  42  4:56  Queen  
  44  5:01  Drone  
  44  5:02  Drone x5  
  50  5:11  Spire  
  50  5:13  Drone  
  50  5:23  Drone x2  
  50  5:26  Overlord x2  
  52  5:48  Spine Crawler  
  51  5:50  Roach  
  51  5:51  Roach x3  
  59  5:59  Extractor  
  59  6:01  Drone x2  
  59  6:02  Extractor  
  59  6:04  Drone  
  60  6:33  Overlord x2  
  60  6:52  Mutalisk x4  
  60  6:53  Mutalisk x3  
  74  7:12  Drone x2  
  76  7:15  Overlord  
  76  7:16  Overlord x2  
  73  7:45  Drone x5  
  73  7:46  Drone x2  
  80  8:03  Mutalisk x4, Hatchery  
  80  8:04  Mutalisk  
  89  8:09  Zerg Flyer Weapons Level 1  
  89  8:10  Mutalisk x2  
  93  8:15  Queen  
  93  8:19  Drone  
  97  8:20  Drone x4  
  100  8:41  Overlord x3  
  72  10:46  Spore Crawler  
  68  10:50  Spore Crawler  
  68  10:55  Mutalisk x3, Spore Crawler  
  68  10:56  Mutalisk x10  
  92  11:17  Zerg Flyer Weapons Level 2  
  92  11:44  Extractor  
  92  11:46  Drone x2  
  92  11:47  Drone  
  94  11:50  Extractor, Drone x2  
  94  11:51  Drone  
  94  11:52  Mutalisk x8  
  90  13:00  Drone x3  
  90  13:04  Mutalisk  
  90  13:05  Mutalisk x9  
  105  13:09  Overlord x3  
  105  13:10  Overlord  
  113  13:14  Evolution Chamber  
  113  13:17  Metabolic Boost  
  113  13:18  Infestation Pit  
  111  13:27  Evolution Chamber  
  111  13:34  Zergling x6  
  111  13:35  Zergling x24  
  125  14:30  Hive  
  125  14:51  Queen  
  127  14:55  Hatchery  
  126  15:00  Hatchery  
  125  15:07  Zergling x2  
  125  15:08  Zergling x34  
  125  15:12  Hatchery  
Show
View Real Time Build Order
Export as new Build Order

LaWeedaLoca Protoss - Winner!

Build Orders: Blink Stalkers 

Get SALT Encoding   

  12  0:01  Probe (Chrono Boost)  
  13  0:12  Probe (Chrono Boost)  
  14  0:20  Pylon  
  14  0:24  Probe (Chrono Boost)  
  15  0:39  Probe (Chrono Boost)  
  16  0:44  Gateway  
  17  0:50  Probe (Chrono Boost)  
  17  0:54  Gateway  
  17  1:00  Assimilator  
  17  1:02  Probe (Chrono Boost)  
  18  1:10  Pylon  
  18  1:13  Probe (Chrono Boost)  
  18  1:18  Assimilator  
  19  1:25  Probe (Chrono Boost)  
  20  1:31  Cybernetics Core  
  20  1:35  Probe (Chrono Boost)  
  21  1:46  Probe (Chrono Boost)  
  22  1:51  Zealot  
  22  1:54  Pylon  
  24  1:57  Probe (Chrono Boost)  
  25  2:08  Adept (Chrono Boost)  
  27  2:11  Warp Gate (Chrono Boost)  
  27  2:21  Probe (Chrono Boost)  
  28  2:27  Gateway  
  28  2:29  Twilight Council  
  28  2:33  Adept (Chrono Boost)  
  30  2:44  Mothership Core  
  32  3:00  Adept (Chrono Boost)  
  32  3:05  Probe  
  37  3:12  Stalker (Chrono Boost)  
  37  3:17  Probe  
  38  3:29  Probe  
  39  3:34  Nexus  
  39  3:52  Blink (Chrono Boost)  
  39  4:01  Pylon  
  39  4:04  Pylon  
  39  4:19  Probe  
  39  4:20  Stalker x3  
  46  4:31  Probe  
  46  4:36  Robotics Facility  
  47  4:43  Probe, Pylon  
  48  4:46  Probe  
  49  4:54  Stalker  
  49  4:56  Probe  
  52  5:02  Stalker  
  54  5:08  Probe x2  
  56  5:19  Probe  
  56  5:20  Probe  
  58  5:32  Stalker  
  58  5:33  Probe, Stalker x2  
  58  5:34  Probe  
  66  5:39  Observer  
  66  5:43  Probe  
  66  5:46  Probe  
  68  5:56  Stalker x3  
  74  5:58  Probe  
  74  6:00  Probe  
  74  6:04  Observer  
  77  6:09  Probe  
  78  6:21  Assimilator  
  78  6:22  Pylon  
  78  6:24  Pylon, Gateway  
  78  6:25  Assimilator  
  78  6:26  Gateway  
  78  6:39  Probe  
  78  6:40  Probe, Warp Prism  
  80  6:52  Probe  
  77  6:58  Stalker x3  
  81  7:22  Stalker x3  
  83  7:45  Forge  
  83  8:04  Nexus  
  83  8:07  Pylon  
  83  8:08  Pylon  
  83  8:10  Pylon, Stalker  
  83  8:11  Stalker x4  
  93  8:21  Dark Shrine  
  93  8:23  Protoss Ground Weapons Level 1 (Chrono Boost)  
  93  8:31  Probe  
  93  8:32  Probe  
  95  8:42  Probe  
  95  8:45  Probe  
  95  8:46  Gateway  
  97  8:48  Gateway  
  97  8:51  Stalker x5  
  97  8:52  Probe  
  108  8:57  Probe  
  108  9:00  Gateway  
  100  9:38  Stalker x3  
  100  9:39  Stalker x2  
  110  10:01  Assimilator  
  110  10:04  Protoss Ground Armor Level 1 (Chrono Boost), Dark Templar x3  
  110  10:05  Dark Templar  
  110  10:06  Assimilator  
  118  10:13  Stalker x3  
  90  10:43  Stalker x2  
  90  10:44  Stalker x5  
  104  11:10  Stalker  
  104  11:11  Stalker x5  
  84  11:58  Stalker x3  
  84  11:59  Stalker x5  
  94  12:23  Stalker x2  
  94  12:24  Stalker x3  
  94  12:25  Stalker x2  
  108  12:38  Protoss Ground Weapons Level 2 (Chrono Boost)  
  108  12:39  Pylon  
  108  12:42  Pylon  
  108  12:52  Charge (Chrono Boost)  
  108  12:54  Zealot  
  108  12:55  Zealot x3  
  108  12:56  Zealot x3  
  108  12:57  Zealot  
  122  13:09  Immortal  
  126  13:16  Zealot x5  
  126  13:18  Zealot x2  
  126  13:19  Zealot  
  117  13:40  Zealot x6  
  117  13:41  Zealot x2  
  83  14:06  Stalker x5  
  83  14:07  Stalker x2  
  95  14:27  Zealot  
  95  14:29  Sentry x3  
  95  14:30  Sentry x4  
  101  15:54  Stalker x2  
  101  15:55  Stalker x6  
Show
View Real Time Build Order
Export as new Build Order

MugeN Terran - Winner!

Build Orders:  

Get SALT Encoding   

  12  0:03  SCV  
  13  0:15  SCV  
  13  0:20  Supply Depot  
  14  0:27  SCV  
  15  0:41  SCV  
  16  0:44  Barracks  
  16  0:49  Refinery  
  16  0:53  SCV  
  17  1:06  SCV  
  18  1:18  SCV  
  19  1:31  Orbital Command  
  19  1:32  Barracks Reactor  
  19  1:43  Command Center  
  19  1:56  Supply Depot  
  18  2:06  Command Center, SCV  
  19  2:11  Marine x2  
  21  2:18  Factory  
  21  2:25  SCV  
  21  2:29  Marine x2  
  24  2:42  SCV  
  25  2:44  Refinery  
  25  2:47  Marine x2  
  27  2:54  SCV  
  28  3:03  Starport  
  28  3:05  Factory Tech Lab  
  28  3:06  SCV  
  28  3:11  Marine x2  
  31  3:18  SCV  
  31  3:19  Orbital Command  
  32  3:30  SCV  
  32  3:32  Siege Tank  
  36  3:38  Orbital Command  
  36  3:47  SCV  
  37  3:50  Marine x2  
  37  3:51  Medivac  
  37  3:55  Supply Depot  
  41  3:59  SCV  
  42  4:03  SCV  
  43  4:11  SCV  
  43  4:15  SCV  
  43  4:16  Marine x2  
  47  4:23  SCV  
  48  4:27  SCV  
  48  4:28  Factory Tech Lab  
  48  4:30  Supply Depot  
  49  4:35  SCV, Viking  
  52  4:39  SCV, Barracks  
  53  4:48  SCV  
  53  4:49  Barracks  
  53  4:51  Stimpack  
  53  4:52  Marine, SCV  
  56  5:00  SCV  
  57  5:07  Supply Depot  
  57  5:08  Supply Depot  
  57  5:10  Marine  
  57  5:13  SCV  
  59  5:14  Refinery x2  
  59  5:15  SCV  
  60  5:27  Marine  
  61  5:29  Marine  
  61  5:30  Marine  
  61  5:32  SCV  
  64  5:36  Engineering Bay  
  64  5:37  Siege Tank, Engineering Bay  
  64  5:38  Barracks Reactor  
  64  5:39  Starport Reactor  
  64  5:41  SCV  
  68  5:45  Marine  
  68  5:47  Marine x2  
  71  5:50  SCV  
  71  5:53  SCV  
  71  5:55  Barracks  
  71  5:57  Barracks  
  73  5:59  Supply Depot  
  73  6:00  Supply Depot  
  74  6:04  SCV  
  74  6:07  Supply Depot x2  
  74  6:16  Medivac x2  
  78  6:18  Marine  
  78  6:19  Terran Infantry Weapons Level 1  
  78  6:20  Marine  
  78  6:23  SCV  
  80  6:30  Supply Depot  
  80  6:33  Supply Depot  
  69  6:54  Orbital Command, Marine x2  
  69  6:55  Marauder  
  58  7:08  Marine x2  
  58  7:09  Marine  
  58  7:10  Marine  
  58  7:12  Marine x2, SCV  
  63  7:16  Marauder  
  65  7:26  Marine x2  
  65  7:28  SCV x2  
  71  7:37  Marine x2  
  71  7:38  Marauder  
  71  7:40  Medivac  
  71  7:44  Marine, SCV  
  76  7:46  Barracks Reactor, SCV  
  78  7:56  SCV  
  79  7:58  SCV  
  79  7:59  Marauder  
  82  8:08  SCV  
  82  8:10  SCV  
  84  8:15  Armory  
  84  8:16  Terran Infantry Armor Level 1  
  84  8:20  SCV  
  84  8:21  Marauder  
  84  8:23  SCV, Supply Depot  
  84  8:24  Supply Depot  
  88  8:30  Supply Depot  
  88  8:32  SCV  
  89  8:35  SCV  
  89  8:37  Command Center  
  88  8:42  Marauder  
  88  8:44  SCV  
  88  8:47  SCV  
  84  8:56  SCV  
  83  9:04  SCV  
  83  9:06  Command Center  
  72  9:35  Marine  
  72  9:36  Marine x2  
  75  9:42  Marine x2  
  75  9:43  Marine, SCV  
  75  9:44  Marine  
  78  9:46  Barracks  
  78  9:47  Barracks  
  78  9:49  Siege Tank, Marine  
  78  9:50  Barracks x2  
  78  9:52  Barracks  
  82  9:53  Marine x2  
  82  9:54  Marine  
  82  9:55  SCV  
  86  10:00  Marine  
  85  10:07  Marine  
  85  10:09  Marine  
  85  10:10  Marine  
  88  10:19  Marine x2  
  88  10:20  Marine x2  
  83  10:23  Marine  
  83  10:25  Siege Tank, Marine  
  83  10:27  Marine x2  
  80  10:41  Marauder, Marine x2  
  84  10:44  Marine x2  
  82  10:53  Marine x2  
  82  10:54  Marine  
  78  10:58  Marine  
  78  10:59  Marine  
  78  11:00  Medivac  
  78  11:02  Marine x2  
  78  11:03  Marauder  
  81  11:09  Command Center  
  81  11:10  Marine x2  
  62  11:16  Marine x2  
  60  11:23  Marine x3  
  60  11:24  Siege Tank, Marauder  
  57  11:28  Marine, Medivac  
  57  11:29  Marine  
  57  11:30  Medivac  
  62  11:33  SCV  
  62  11:34  Marine  
  62  11:36  Marine  
  62  11:45  Marauder  
  64  11:47  Marine  
  64  11:51  Marine  
  66  11:58  Medivac  
  66  12:00  Medivac  
  70  12:07  Marauder, Marine x2  
  74  12:08  Marine  
  62  12:28  Marauder, Medivac  
  62  12:29  Marine x2  
  68  12:30  Marine x2, Medivac  
  66  12:40  Orbital Command  
  66  12:49  Marauder  
  66  12:50  Marine  
  69  12:58  Viking  
  71  13:11  Marauder  
  73  13:14  Marine x2  
  73  13:15  Marine  
  67  13:31  Marine x2  
  67  13:32  Marauder  
  60  13:48  Medivac  
  62  13:57  Marine  
  62  13:58  Marauder, Marine x2  
  62  14:01  Marine  
  67  14:05  Marine  
  67  14:09  Marine  
  69  14:13  Marine  
  70  14:20  Marauder  
  70  14:24  Marine  
  50  14:41  Marauder  
  35  14:55  Marine  
  34  15:02  Marauder  
  27  15:16  SCV  
Tags
 
Add a new tag
Caveats
  • Supply blocks, unpowered buildings, or Contaminate may cause inaccurate times.
  • Supply counts are checked every 10 seconds.